Workbook
Name Adm: 'PRESUPUESTO CASA DE LA CULTURA'!$F$41
Name Imprev: 'PRESUPUESTO CASA DE LA CULTURA'!$F$42
Name IvaSUtl: 'PRESUPUESTO CASA DE LA CULTURA'!$F$46
Name SbtPpto: 'PRESUPUESTO CASA DE LA CULTURA'!#REF!
Name TtlCD: 'PRESUPUESTO CASA DE LA CULTURA'!$G$40
Name Utilidad: 'PRESUPUESTO CASA DE LA CULTURA'!$F$43

Sheet PRESUPUESTO CASA DE LA CULTURA
A1: 2015.1 | B1: 2022.1 | E1: www.sagut.com | F1: ="Duración Obra " & G70 & " Días" -> Duración Obra 0 Días | G1: =G63 -> 99320817 | H1: Unit CD | I1: Unit CT | J1: Decimales | K1: Durac | L1: CT | M1: CD | N1: CASA | O1: =B2 -> CD | P1: DOBLECLIC AQUÍ PARA OCULTAR | AF1: C1 | AG1: C2 | AH1: C3 | AI1: C4 | AJ1: C5 | AK1: C6 | AP1: Inicio | AQ1: Precios Base | BV1: =IF($A$2="CD",BX1,IF($A$2="CT",BY1,"Correg CT")) -> 0 | BW1: =ROUND(BU1 * BV1,$J$2) -> 0 | BZ1: 1 | CB1: =ROUND(BY1 * BU1,$J$2) -> 0 | CC1: =ROUND(BX1 * BU1,$J$2) -> 0 | CD1: =BW1*$N$2 -> 0 | CJ1: =CF1+CG1+CH1+CI1 -> 0 | CW1: ="CAP. " & $B$14 & ": " & $C$14 -> CAP. 1: OBRAS | CX1: =ROW($B$14) -> 14 | DE1: =BU1 -> 0 | DG1: =DE1+DF1 -> 0 | DH1: =BV1 -> 0 | DI1: =ROUND(DG1 * DH1,$J$2) -> 0
A2: CD | B2: =IF($A$2="CD","CD",IF($A$2="CT","CT","")) -> CD | G2: =IF(#REF!=1,"CHEQ. INSUMOS","Insumos ok.") -> #REF! | H2: 2 | I2: 3 | J2: 0 | N2: 1 | AP2: Fin | BQ2: A | BR2: B | BS2: C | BT2: D | BU2: E | BV2: F | BW2: G | BX2: H | BY2: I | BZ2: J | CA2: K | CB2: L | CC2: M | CD2: N | CE2: O | CF2: P | CG2: Q | CH2: R | CI2: S | CJ2: T | CK2: U | CL2: V | CM2: W | CN2: X | CO2: Y | CP2: Z | CQ2: AA | CR2: AB | CS2: AC | CT2: AD | CU2: AE | CV2: AF | CW2: AG | CX2: AH | CY2: AI | CZ2: AJ | DA2: AK | DB2: AL | DC2: AM | DD2: AN | DE2: AO | DF2: AP | DG2: AQ | DH2: AR | DI2: AS | DJ2: AT | DK2: AU
AG4: ="CAP. " & $B$4 & ": " & $C$4 -> CAP. : | AH4: =ROW($B$4) -> 4
B7: ALCALDIA MUNICIPAL DE PATIA | E7: PRESUPUESTO | P7: ITEMS POR COMPONENTES
E8: DE OBRA | P8: Otros | Q8: Equipo | R8: M. de Obra | S8: Materiales | T8: Unit CD | V8: 1
B9: Obra: | C9: REALIZAR OBRAS DE ADECUACIÓN DE LA CASA DE LA CULTURA, PROPIEDAD DEL MUNICIPIO DE PATÍA CAUCA | F9: FECHA: | G9: =TODAY() -> 45877
A12: ENCAB | B12: ITEM | C12: DESCRIPCION | D12: UND | E12: CANT. | F12: VR. UNIT | G12: =IF(N2>1,"VR. / " &N1,"VR.TOTAL") -> VR.TOTAL | H12: C.D. | I12: C.T. | K12: DURAC | L12: VR. TOTAL | M12: VR. C.D. | N12: ="Vr. " & N2 & " " &N1& "S" -> Vr. 1 CASAS | P12: Otros | Q12: Equipo | R12: M. de Obra | S12: Materiales | T12: Unit CD | V12: 1
A14: CAP | B14: 1 | C14: OBRAS | N14: =SUM(N15:N33) -> 22664067 | U14: =IF(G14<>"",N14-G14*$N$2,0) -> 0 | V14: . | AG14: ="CAP. " & $B$14 & ": " & $C$14 -> CAP. 1: OBRAS | AH14: =ROW($B$14) -> 14
A15: COD | AG15: ="CAP. " & $B$14 & ": " & $C$14 -> CAP. 1: OBRAS | AH15: =ROW($B$14) -> 14
A16: IM0141 | B16: 1.1 | C16: SEÑALIZACION CON CINTA | D16: ML | E16: 120 | F16: =+ANALISIS!H27 -> 1692 | G16: =+ROUND(F16*E16,0) -> 203040 | H16: =ANALISIS!#REF! -> #REF! | I16: =ANALISIS!#REF! -> #REF! | J16: 1 | L16: =ROUND(I16 * E16,$J$2) -> #REF! | M16: =ROUND(H16 * E16,$J$2) -> #REF! | N16: =G16*$N$2 -> 203040 | P16: =ROUND(ANALISIS!#REF!*E16,0) -> #REF! | Q16: =ROUND(ANALISIS!#REF!*E16,0) -> #REF! | R16: =ROUND(ANALISIS!#REF!*E16,0) -> #REF! | S16: =ROUND(ANALISIS!#REF!*E16,0) -> #REF! | T16: =P16+Q16+R16+S16 -> #REF! | AG16: ="CAP. " & $B$14 & ": " & $C$14 -> CAP. 1: OBRAS | AH16: =ROW($B$14) -> 14
A17: 081007-1P | B17: 1.2 | C17: DESMONTE DE CUBIERTA H<= 4M (INCLUYE ACARREO MENOR A 2KM Y DISPOSICION) | D17: M2 | E17: 0 | F17: =+[1]ANALISIS!H47 -> 11370 | G17: =+ROUND(F17*E17,0) -> 0 | H17: =ANALISIS!#REF! -> #REF! | I17: =ANALISIS!#REF! -> #REF! | J17: 1 | K17: =ROUNDUP((ANALISIS!#REF!/8)/$J$17,0) -> #REF! | L17: =ROUND(I17 * E17,$J$2) -> #REF! | M17: =ROUND(H17 * E17,$J$2) -> #REF! | N17: =G17*$N$2 -> 0 | P17: =ROUND(ANALISIS!#REF!*E17,0) -> #REF! | Q17: =ROUND(ANALISIS!#REF!*E17,0) -> #REF! | R17: =ROUND(ANALISIS!#REF!*E17,0) -> #REF! | T17: =P17+Q17+R17+S17 -> #REF! | AG17: ="CAP. " & $B$14 & ": " & $C$14 -> CAP. 1: OBRAS | AH17: =ROW($B$14) -> 14
A18: 080104-2P | B18: 1.3 | C18: SUMINISTRO E INSTALACION DE TEJA ZINC TRAPEZOIDAL | D18: M2 | E18: 0 | F18: =+[1]ANALISIS!H76 -> 44323 | G18: =+ROUND(F18*E18,0) -> 0 | H18: =ANALISIS!#REF! -> #REF! | I18: =ANALISIS!#REF! -> #REF! | J18: 1 | K18: =ROUNDUP((ANALISIS!#REF!/8)/$J$18,0) -> #REF! | L18: =ROUND(I18 * E18,$J$2) -> #REF! | M18: =ROUND(H18 * E18,$J$2) -> #REF! | N18: =G18*$N$2 -> 0 | P18: =ROUND(ANALISIS!#REF!*E18,0) -> #REF! | Q18: =ROUND(ANALISIS!#REF!*E18,0) -> #REF! | R18: =ROUND(ANALISIS!#REF!*E18,0) -> #REF! | T18: =P18+Q18+R18+S18 -> #REF! | AG18: ="CAP. " & $B$14 & ": " & $C$14 -> CAP. 1: OBRAS | AH18: =ROW($B$14) -> 14
B19: 1.2 | C19: DESMONTE DE CUBIERTA H<= 4M (INCLUYE ACARREO MENOR A 2KM Y DISPOSICION) | D19: M2 | E19: =120+160+16 -> 296 | F19: =+ANALISIS!H47 -> 11370 | G19: =+ROUND(F19*E19,0) -> 3365520
B20: 1.3 | C20: SUMINISTRO E INSTALACION DE TEJA ZINC TRAPEZOIDAL | D20: M2 | E20: =+E19 -> 296 | F20: =+ANALISIS!H76 -> 44323 | G20: =+ROUND(F20*E20,0) -> 13119608
B21: 1.4 | C21: SUMINISTRO E INSTALACION DE CANALES METALICOS GALVANIZADO | D21: ML | E21: =25+7+85 -> 117 | F21: =+ANALISIS!H98 -> 27729 | G21: =+ROUND(F21*E21,0) -> 3244293
B22: 1.5 | C22: DESMONTE DE CIELO FALSO PANEL + ESTRUCTURA (INCLUYE ACARREO MENOR A 2KM Y DISPOSICION) | D22: M2 | E22: =295+5*6.5 -> 327.5 | F22: =+ANALISIS!H125 -> 9619 | G22: =+ROUND(F22*E22,0) -> 3150223
B23: 1.6 | C23: CIELO FALSO ETERBOARD 244X122x4MM PERFILERIA ALUMINIO | D23: M2 | E23: 295 | F23: =+ANALISIS!H156 -> 69631 | G23: =+ROUND(F23*E23,0) -> 20541145
B24: 1.7 | C24: REPARACIONES DE CIELO FALSO BOARD 122 X 244 X 4MM | D24: M2 | E24: 150 | F24: =+ANALISIS!H183 -> 57283 | G24: =+ROUND(F24*E24,0) -> 8592450
A25: 080207-3P | B25: 1.8 | C25: SUMINISTRO E INTALACION DE PANEL LED 24W LUZ COLOR BLANCO | D25: UND | E25: 50 | F25: =+ANALISIS!H203 -> 39175 | G25: =+ROUND(F25*E25,0) -> 1958750 | H25: =ANALISIS!#REF! -> #REF! | I25: =ANALISIS!#REF! -> #REF! | J25: 1 | K25: =ROUNDUP((ANALISIS!#REF!/8)/$J$27,0) -> #REF! | L25: =ROUND(I25 * E25,$J$2) -> #REF! | M25: =ROUND(H25 * E25,$J$2) -> #REF! | N25: =G25*$N$2 -> 1958750 | P25: =ROUND(ANALISIS!#REF!*E25,0) -> #REF! | Q25: =ROUND(ANALISIS!#REF!*E25,0) -> #REF! | R25: =ROUND(ANALISIS!#REF!*E25,0) -> #REF! | S25: =ROUND(ANALISIS!#REF!*E25,0) -> #REF! | T25: =P25+Q25+R25+S25 -> #REF! | AG25: ="CAP. " & $B$14 & ": " & $C$14 -> CAP. 1: OBRAS | AH25: =ROW($B$14) -> 14
A26: 080207-3P | B26: 1.9 | C26: APLICACIÓN DE PINTURA VINILO MURO TIPO 1 COLOR BLANCO | D26: M2 | E26: 310.39694 | F26: =+ANALISIS!H227 -> 14848 | G26: =+ROUND(F26*E26,0) -> 4608774 | H26: =ANALISIS!#REF! -> #REF! | I26: =ANALISIS!#REF! -> #REF! | J26: 1 | K26: =ROUNDUP((ANALISIS!#REF!/8)/$J$27,0) -> #REF! | L26: =ROUND(I26 * E26,$J$2) -> #REF! | M26: =ROUND(H26 * E26,$J$2) -> #REF! | N26: =G26*$N$2 -> 4608774 | P26: =ROUND(ANALISIS!#REF!*E26,0) -> #REF! | Q26: =ROUND(ANALISIS!#REF!*E26,0) -> #REF! | R26: =ROUND(ANALISIS!#REF!*E26,0) -> #REF! | S26: =ROUND(ANALISIS!#REF!*E26,0) -> #REF! | T26: =P26+Q26+R26+S26 -> #REF! | AG26: ="CAP. " & $B$14 & ": " & $C$14 -> CAP. 1: OBRAS | AH26: =ROW($B$14) -> 14
A27: 080207-3P | B27: 1.10 | C27: REPARACIÓN Y/O INSTALACION DE ACOMETIDA ELECTRICA EN ALUMINIO .1F(2# 10) ,1/2" - 3/4" | D27: ML | E27: 250 | F27: =+ANALISIS!H271 -> 12660 | G27: =+F27*E27 -> 3165000 | H27: =ANALISIS!#REF! -> #REF! | I27: =ANALISIS!#REF! -> #REF! | J27: 1 | K27: =ROUNDUP((ANALISIS!#REF!/8)/$J$27,0) -> #REF! | L27: =ROUND(I27 * E27,$J$2) -> #REF! | M27: =ROUND(H27 * E27,$J$2) -> #REF! | N27: =G27*$N$2 -> 3165000 | P27: =ROUND(ANALISIS!#REF!*E27,0) -> #REF! | Q27: =ROUND(ANALISIS!#REF!*E27,0) -> #REF! | R27: =ROUND(ANALISIS!#REF!*E27,0) -> #REF! | S27: =ROUND(ANALISIS!#REF!*E27,0) -> #REF! | T27: =P27+Q27+R27+S27 -> #REF! | AG27: ="CAP. " & $B$14 & ": " & $C$14 -> CAP. 1: OBRAS | AH27: =ROW($B$14) -> 14
A28: 080207-3P | B28: 1.11 | C28: INSTALACION O CAMBIO DE PUNTO ELECTRICO (INTERRUPTOR Y/O TOMA) #10 1/2" | D28: UND | E28: =20+15 -> 35 | F28: =+ANALISIS!H293 -> 61912 | G28: =+F28*E28 -> 2166920 | H28: =ANALISIS!#REF! -> #REF! | I28: =ANALISIS!#REF! -> #REF! | J28: 1 | K28: =ROUNDUP((ANALISIS!#REF!/8)/$J$27,0) -> #REF! | L28: =ROUND(I28 * E28,$J$2) -> #REF! | M28: =ROUND(H28 * E28,$J$2) -> #REF! | N28: =G28*$N$2 -> 2166920 | P28: =ROUND(ANALISIS!#REF!*E28,0) -> #REF! | Q28: =ROUND(ANALISIS!#REF!*E28,0) -> #REF! | R28: =ROUND(ANALISIS!#REF!*E28,0) -> #REF! | S28: =ROUND(ANALISIS!#REF!*E28,0) -> #REF! | T28: =P28+Q28+R28+S28 -> #REF! | AG28: ="CAP. " & $B$14 & ": " & $C$14 -> CAP. 1: OBRAS | AH28: =ROW($B$14) -> 14
A29: 080207-3P | B29: 1.12 | C29: REPARACIÓN DE CUBIERTA Y CANAL DE AGUAS LLUVIAS CON SELLADO DE GOTERAS Y REPOSICIÓN DE ELEMENTOS DETERIORADOS (INCLUYE ANDAMIO Y EQUIPO DE SEGURIDAD TRABAJO EN ALTURAS) | D29: UND | E29: 8 | F29: =+ANALISIS!H316 -> 18167 | G29: =+F29*E29 -> 145336 | H29: =ANALISIS!#REF! -> #REF! | I29: =ANALISIS!#REF! -> #REF! | J29: 1 | K29: =ROUNDUP((ANALISIS!#REF!/8)/$J$27,0) -> #REF! | L29: =ROUND(I29 * E29,$J$2) -> #REF! | M29: =ROUND(H29 * E29,$J$2) -> #REF! | N29: =G29*$N$2 -> 145336 | P29: =ROUND(ANALISIS!#REF!*E29,0) -> #REF! | Q29: =ROUND(ANALISIS!#REF!*E29,0) -> #REF! | R29: =ROUND(ANALISIS!#REF!*E29,0) -> #REF! | S29: =ROUND(ANALISIS!#REF!*E29,0) -> #REF! | T29: =P29+Q29+R29+S29 -> #REF! | AG29: ="CAP. " & $B$14 & ": " & $C$14 -> CAP. 1: OBRAS | AH29: =ROW($B$14) -> 14
A30: 080207-3P | B30: 1.13 | C30: SUMINISTRO E INSTALACION DE COFRE ELECTRICO EXTERIORES DOBLE FONDO 80X70X30 | D30: UND | E30: 1 | F30: =+ANALISIS!H358 -> 975127 | G30: =+F30*E30 -> 975127 | H30: =ANALISIS!#REF! -> #REF! | I30: =ANALISIS!#REF! -> #REF! | J30: 1 | K30: =ROUNDUP((ANALISIS!#REF!/8)/$J$27,0) -> #REF! | L30: =ROUND(I30 * E30,$J$2) -> #REF! | M30: =ROUND(H30 * E30,$J$2) -> #REF! | N30: =G30*$N$2 -> 975127 | P30: =ROUND(ANALISIS!#REF!*E30,0) -> #REF! | Q30: =ROUND(ANALISIS!#REF!*E30,0) -> #REF! | R30: =ROUND(ANALISIS!#REF!*E30,0) -> #REF! | S30: =ROUND(ANALISIS!#REF!*E30,0) -> #REF! | T30: =P30+Q30+R30+S30 -> #REF! | AG30: ="CAP. " & $B$14 & ": " & $C$14 -> CAP. 1: OBRAS | AH30: =ROW($B$14) -> 14
A31: 080207-3P | B31: 1.14 | C31: CONSTRUCCION DE PORTON DE 7.00 X 2.50 M COLOR NEGRO PERFILERIA METALICA SEGÚN ESPECIFICACIONES, ZAPATA Y DADO EN CONCRETO REFORZADO | D31: UND | E31: 1 | F31: =+ANALISIS!H390 -> 4885416 | G31: =+F31*E31 -> 4885416 | H31: =ANALISIS!#REF! -> #REF! | I31: =ANALISIS!#REF! -> #REF! | J31: 1 | K31: =ROUNDUP((ANALISIS!#REF!/8)/$J$27,0) -> #REF! | L31: =ROUND(I31 * E31,$J$2) -> #REF! | M31: =ROUND(H31 * E31,$J$2) -> #REF! | N31: =G31*$N$2 -> 4885416 | P31: =ROUND(ANALISIS!#REF!*E31,0) -> #REF! | Q31: =ROUND(ANALISIS!#REF!*E31,0) -> #REF! | R31: =ROUND(ANALISIS!#REF!*E31,0) -> #REF! | S31: =ROUND(ANALISIS!#REF!*E31,0) -> #REF! | T31: =P31+Q31+R31+S31 -> #REF! | AG31: ="CAP. " & $B$14 & ": " & $C$14 -> CAP. 1: OBRAS | AH31: =ROW($B$14) -> 14
A32: 080207-3P | B32: 1.15 | C32: REALIZACION DE RASQUETEO, LIJADO Y RESANE DE DE PAREDES | D32: M2 | E32: 120 | F32: =+ANALISIS!H249 -> 14468 | G32: =+F32*E32 -> 1736160 | H32: =ANALISIS!#REF! -> #REF! | I32: =ANALISIS!#REF! -> #REF! | J32: 1 | K32: =ROUNDUP((ANALISIS!#REF!/8)/$J$27,0) -> #REF! | L32: =ROUND(I32 * E32,$J$2) -> #REF! | M32: =ROUND(H32 * E32,$J$2) -> #REF! | N32: =G32*$N$2 -> 1736160 | P32: =ROUND(ANALISIS!#REF!*E32,0) -> #REF! | Q32: =ROUND(ANALISIS!#REF!*E32,0) -> #REF! | R32: =ROUND(ANALISIS!#REF!*E32,0) -> #REF! | S32: =ROUND(ANALISIS!#REF!*E32,0) -> #REF! | T32: =P32+Q32+R32+S32 -> #REF! | AG32: ="CAP. " & $B$14 & ": " & $C$14 -> CAP. 1: OBRAS | AH32: =ROW($B$14) -> 14
A33: 080207-3P | B33: 1.16 | C33: PREPARACION DE SUPERFICIE, SUMINISTRO E INSTALACION DE ENCHAPE (50X50) PARA PISO EN CERAMICA TIPO 5 COLOR BEIGE | D33: M2 | E33: 28 | F33: 100698 | G33: =+F33*E33 -> 2819544 | H33: =ANALISIS!#REF! -> #REF! | I33: =ANALISIS!#REF! -> #REF! | J33: 1 | K33: =ROUNDUP((ANALISIS!#REF!/8)/$J$27,0) -> #REF! | L33: =ROUND(I33 * E33,$J$2) -> #REF! | M33: =ROUND(H33 * E33,$J$2) -> #REF! | N33: =G33*$N$2 -> 2819544 | P33: =ROUND(ANALISIS!#REF!*E33,0) -> #REF! | Q33: =ROUND(ANALISIS!#REF!*E33,0) -> #REF! | R33: =ROUND(ANALISIS!#REF!*E33,0) -> #REF! | S33: =ROUND(ANALISIS!#REF!*E33,0) -> #REF! | T33: =P33+Q33+R33+S33 -> #REF! | AG33: ="CAP. " & $B$14 & ": " & $C$14 -> CAP. 1: OBRAS | AH33: =ROW($B$14) -> 14
A34: COD | B34: 1.17 | AG34: ="CAP. " & $B$14 & ": " & $C$14 -> CAP. 1: OBRAS | AH34: =ROW($B$14) -> 14
A36: SUBTTL | F36: =IF($A$2="CD","VALOR COSTOS DIRECTOS",IF($A$2="CT","VALOR TOTAL " &#REF!,"Correg CT")) -> VALOR COSTOS DIRECTOS | G36: =+SUM(G16:G34) -> 74677306 | L36: =SUM(L34:L35) -> 0 | M36: =SUM(M34:M35) -> 0 | N36: =+G36*$N$2 -> 74677306 | P36: =SUM(P34:P35)/2 -> 0 | Q36: =SUM(Q34:Q35)/2 -> 0 | R36: =SUM(R34:R35)/2 -> 0 | S36: =SUM(S34:S35)/2 -> 0 | T36: =SUM(T34:T35)/2 -> 0
A37: COSTIND | C37: COSTOS INDIRECTOS
A38: TTLOC | F38: COSTO TOTAL OBRA CIVIL | G38: =#REF! -> #REF!
A39: TTLSM | F39: COSTO TOTAL SUMINISTRO | G39: =#REF! -> #REF!
A40: TTLCD | F40: VALOR COSTOS DIRECTOS | G40: =+G36 -> 74677306 | N40: =G40*$N$2 -> 74677306
A41: ADM | E41: ADMINISTRACION | F41: 0.25 | G41: =+ROUND(TtlCD*Adm,0) -> 18669327 | N41: =G41*$N$2 -> 18669327
A42: IMPR | E42: IMPREVISTOS | F42: 0.03 | G42: =+ROUND(TtlCD*Imprev,0) -> 2240319 | M42: =1+(Adm+Imprev+Utilidad+IvaSUtl*Utilidad) -> 1.28 | N42: =G42*$N$2 -> 2240319
A43: UTL | E43: UTILIDAD | F43: 0 | G43: =ROUND(G40*F43,0) -> 0 | N43: =G43*$N$2 -> 0
E44: UTILIDAD | F44: 0.05 | G44: =+ROUND(TtlCD*F44,0) -> 3733865
A45: TTLAIU | E45: TOTAL AIU | F45: =SUM(F41:F44) -> 0.33 | G45: =SUM(G41:G44) -> 24643511 | M45: =+TtlCD*M42 -> 95586952 | N45: =G45*$N$2 -> 24643511
A46: IVA | E46: IVA SOBRE LA UTILIDAD | F46: 0 | G46: =ROUND(G43*F46,0)-(M47) -> 0 | N46: =G46*$N$2 -> 0
A47: TTLPPTO | F47: VALOR TOTAL PRESUPUESTO | G47: =G40+G45+G46 -> 99320817 | H47: =+H45+H40+H46 -> 0 | I47: =ROUND(G47-#REF!,4) -> #REF! | J47: =+J45+J40+J46 -> 0 | K47: =+K45+K40+K46 -> 0 | L47: =+L45+L40+L46 -> 0 | N47: =G47*$N$2 -> 99320817
G48: =IF(A2="CT",IF(I47<>0,"Ubiquese en la celda inmediatamente superior (TOTAL) y presione CAMBIAR",0),0) -> 0
A49: IVAMANT | E49: IVA SOBRE COSTOS DIRECTOS + INDIRECTOS | F49: 0 | G49: =G61*F49 -> 0
A51: OUT_AIU | C51: ITEMS POR FUERA DE AIU:
A53: CAP | B53: # | C53: ESCRIBA AQUÍ EL NOMBRE DEL CAPITULO | G53: =SUM(G54:G55) -> 0 | N53: =SUM(N54:N55) -> 0 | U53: =IF(G53<>"",N53-G53*$N$2,0) -> 0 | V53: . | AG53: ="CAP. " & $B$53 & ": " & $C$53 -> CAP. #: ESCRIBA AQUÍ EL NOMBRE DEL CAPITULO | AH53: =ROW($B$53) -> 53
A54: COD | AG54: ="CAP. " & $B$53 & ": " & $C$53 -> CAP. #: ESCRIBA AQUÍ EL NOMBRE DEL CAPITULO | AH54: =ROW($B$53) -> 53
AG55: ="CAP. " & $B$53 & ": " & $C$53 -> CAP. #: ESCRIBA AQUÍ EL NOMBRE DEL CAPITULO | AH55: =ROW($B$53) -> 53
A56: STCAP | F56: =IF(C53="ESCRIBA AQUÍ EL NOMBRE DEL CAPITULO","SUBTOTAL","SUBTOTAL CAP. "&B53&" "&C53&":") -> SUBTOTAL | G56: =SUM(G54:G55) -> 0 | N56: =SUM(N54:N55) -> 0 | P56: =SUM(P53:P55) -> 0 | Q56: =SUM(Q53:Q55) -> 0 | R56: =SUM(R53:R55) -> 0 | S56: =SUM(S53:S55) -> 0 | T56: =SUM(T53:T55) -> 0 | AG56: ="CAP. " & $B$53 & ": " & $C$53 -> CAP. #: ESCRIBA AQUÍ EL NOMBRE DEL CAPITULO | AH56: =ROW($B$53) -> 53
A58: STOUTAIU | F58: ="VALOR TOTAL " & C51 -> VALOR TOTAL ITEMS POR FUERA DE AIU: | G58: =SUM(G51:G56)/3 -> 0
A60: INTERV | E60: INTERVENTORIA | F60: 0 | G60: 0
A61: SUBTTLF | F61: TOTAL | G61: =G47+G60 -> 99320817
A63: TTLPPTOF | F63: VALOR TOTAL PRESUPUESTO | G63: =+G47 -> 99320817 | AN63: 99320817 | AO63: =+AN63-G63 -> 0
A65: VRLTR | C65: =IF(N2>1,"VALOR " &E7 & " POR " &N1& ":","VALOR TOTAL " & E7 & ":") -> VALOR TOTAL PRESUPUESTO:
C66: NOVENTA Y NUEVE MILLONES TRESCIENTOS VEINTE MIL OCHOCIENTOS DIECISIETE PESOS M/CTE
A70: DURAC | D70: PLAZO DE ENTREGA: (DIAS CALENDARIO) | G70: 0
I71: =IF(G71>9,I46 / G71 * 8,0) -> 0
B77: JUAN FERNANDO IBARRA ESPINOSA
B78: Secretario de infraestructura y Vivieda Municipal

Sheet ANALISIS
B1: 1 | D1: Aplicación SAGUT Cel. 310 824 6976 | F1: ="Duración" & 'PRESUPUESTO CASA DE LA CULTURA'!G70 & " Días" -> Duración0 Días | G1: Vr. Presup. | H1: ='PRESUPUESTO CASA DE LA CULTURA'!G1 -> 99320817 | Q1: calima
A2: ='PRESUPUESTO CASA DE LA CULTURA'!A2 -> CD | I2: 1 | Q2: calima | R2: 0.1
A3: 1 | D3: ='PRESUPUESTO CASA DE LA CULTURA'!A2 -> CD | E3: =SUM(F3:H3) -> 0.28 | F3: =Adm -> 0.25 | G3: =Imprev -> 0.03 | H3: =Utilidad -> 0 | I3: ='PRESUPUESTO CASA DE LA CULTURA'!F46 -> 0 | J3: MODIF
C4: ='PRESUPUESTO CASA DE LA CULTURA'!B7 -> ALCALDIA MUNICIPAL DE PATIA | F4: ANALISIS DE PRECIOS UNITARIOS
C6: ='PRESUPUESTO CASA DE LA CULTURA'!C9 -> REALIZAR OBRAS DE ADECUACIÓN DE LA CASA DE LA CULTURA, PROPIEDAD DEL MUNICIPIO DE PATÍA CAUCA | G6: FECHA: | H6: ='PRESUPUESTO CASA DE LA CULTURA'!G9 -> 45877
A10: ITEM IM0141 | C10: SEÑALIZACION CON CINTA | H10: Unidad: ML | I10: CANT. TOTAL | J10: VR. TOTAL
H11: ="ITEM: "&'[2]PRESUPUESTO ALCALDIA'!B17 -> ITEM: 1,2 | I11: ='[2]PRESUPUESTO ALCALDIA'!$AQ$16 -> 36
A12: CODIGO | C12: DESCRIPCION | D12: UND | E12: CANT. | F12: DESP.% | G12: PRECIO UNIT | H12: VALOR TOTAL | J12: VALOR TOTAL
A14: G1 | C14: MATERIALES
A15: ME0109 | B15: BASICO | C15: =+C65 -> MANO DE OBRA | D15: M3 | E15: 0.001 | F15: 0 | G15: =+H39 -> 4285.7143 | H15: =TRUNC(E15* (1 + F15 / 100) * G15,2) -> 4.28 | I15: =I11 * (E15 * (1+F15/100)) -> 0.036 | J15: =H15 * I11 -> 154.08
A16: 101008 | B16: HIERROS | C16: HIERRO de 60000 PSI 420 MPA | D16: KLS | E16: 0.1 | F16: 0 | G16: 7500 | H16: =TRUNC(E16* (1 + F16 / 100) * G16,2) -> 750 | I16: =I11 * (E16 * (1+F16/100)) -> 3.6 | J16: =H16 * I11 -> 27000
A17: 105037 | B17: VARIOS | C17: CINTA SEGURIDAD PREVENTIVA ROLLO 500M - 7CM | D17: ROL | E17: 0.0022 | F17: 0 | G17: 35000 | H17: =TRUNC(E17* (1 + F17 / 100) * G17,2) -> 77 | I17: =I11 * (E17 * (1+F17/100)) -> 0.0792 | J17: =H17 * I11 -> 2772
A18: STG1 | G18: SUBTOTAL MATERIALES | H18: =SUM(H14:H17) -> 831.28 | J18: =SUM(J14:J17) -> 29926.08
A20: G2 | C20: MANO DE OBRA
C21: M.O. ALBAÑILERIA 1 AYUDANTE | D21: DIA | E21: 0.1 | F21: 1 | G21: =+[3]M.O.!$E$5 -> 11563 | H21: =+G21*F21*E21 -> 1156.3
A24: G3 | C24: EQUIPO
A25: 300026 | B25: EQUIPO | C25: HERRAMIENTA MENOR | D25: GLB | E25: 0.167 | G25: 1690 | H25: =TRUNC(E25* (1 + F25 / 100) * G25,2) -> 282.23 | I25: =I11 * (E25 * (1+F25/100)) -> 6.012 | J25: =H25 * I11 -> 10160.28
A26: STG3 | G26: SUBTOTAL EQUIPO | H26: =SUM(H24:H25) -> 282.23 | J26: =SUM(J24:J25) -> 10160.28
A27: C.D. | F27: COSTO DIRECTO | H27: =IF($A$2="CD",IF($A$3=1,ROUND(SUM(H12:H26)/2,0),IF($A$3=3,ROUND(SUM(H12:H26)/2,-1),SUM(H12:H26)/2)),SUM(H12:H26)/2) -> 1692 | I27: =SUM(J12:J26)/2 -> 40086.36 | J27: =IF($A$2="CD",IF($A$3=1,ROUND(SUM(J12:J26)/2,0),IF($A$3=3,ROUND(SUM(J12:J26)/2,-1),SUM(J12:J26)/2)),SUM(J12:J26)/2) -> 40086
A29: ITEM 240505 | C29: =+'PRESUPUESTO CASA DE LA CULTURA'!C17 -> DESMONTE DE CUBIERTA H<= 4M (INCLUYE ACARREO MENOR A 2KM Y DISPOSICION) | H29: Unidad: M2 | I29: CANT. TOTAL | J29: VR. TOTAL
A31: CODIGO | C31: DESCRIPCION | D31: UND | E31: CANT. | F31: DESP.% | G31: PRECIO UNIT | H31: VALOR TOTAL | J31: VALOR TOTAL
A33: G2 | C33: MANO DE OBRA
A34: 200006 | B34: MANO DE OBRA | C34: M.O. ALBAÑILERIA 1 AYUDANTE | D34: HC | E34: 0.28 | G34: =+[3]M.O.!$E$5 -> 11563 | H34: =+G34*E34 -> 3237.64 | I34: =I30 * (E34 * (1+F34/100)) -> 0 | J34: 0
A35: 200017 | B35: MANO DE OBRA | C35: M.O. CARGUE Y DESCARGUE 1 AYUDANTE-1 OFI | D35: HC | E35: 0.1 | G35: 30000 | H35: =+G35*E35 -> 3000 | I35: =I31 * (E35 * (1+F35/100)) -> 0 | J35: 0
A36: STG2 | G36: SUBTOTAL MANO DE OBRA | H36: =SUM(H34:H35) -> 6237.64 | J36: 0
A37: G3 | C37: TRANSPORTE
A38: 300026 | B38: EQUIPO | C38: ACARREO DE MATERIAL SOBRANTE < 2KM | D38: M3 | E38: =1*1*0.3 -> 0.3 | G38: =100000/7 -> 14285.714 | H38: =+G38*E38 -> 4285.7143 | I38: =I76 * (E38 * (1+F38/100)) -> 0 | J38: 0
A39: STG3 | G39: SUBTOTAL TRANSPORTE | H39: =+H38 -> 4285.7143 | J39: 0
A40: G3 | C40: EQUIPO
A41: 300026 | B41: EQUIPO | C41: HERRAMIENTA MENOR | D41: GLB | E41: 0.501 | G41: 1690 | H41: =+G41*E41 -> 846.69 | I41: =I30 * (E41 * (1+F41/100)) -> 0 | J41: 0
A42: STG3 | G42: SUBTOTAL EQUIPO | H42: 846.69 | J42: 0
A43: G4 | C43: OTROS
A45: STG4 | G45: SUBTOTAL OTROS | H45: 0 | J45: 0
A47: C.D. | F47: COSTO DIRECTO | G47: 18924.14 | H47: =ROUND(+H42+H39+H36,0) -> 11370 | I47: =SUM(J31:J46)/2 -> 0 | J47: 0
A48: EM_AIU | C48: COSTOS INDIRECTOS
A49: ADM | C49: ADMINISTRACION | F49: =$F$3 -> 0.25 | H49: 0 | J49: 0
A50: IMP | C50: IMPREVISTOS | F50: =$G$3 -> 0.03 | H50: 0 | J50: 0
A51: UTL | C51: UTILIDAD | F51: =$H$3 -> 0 | H51: 0 | J51: 0
A52: IVA | C52: IVA SOBRE LA UTILIDAD | F52: =$I$3 -> 0 | H52: 0 | J52: 0
A53: STAIU | C53: TOTAL COSTOS INDIRECTOS | H53: 0 | J53: 0
A54: TTL | F54: VALOR TOTAL ITEM | G54: 18920 | H54: 18920 | J54: 0
A57: ITEM 180816 | C57: =+'PRESUPUESTO CASA DE LA CULTURA'!C18 -> SUMINISTRO E INSTALACION DE TEJA ZINC TRAPEZOIDAL | H57: Unidad: M2 | I57: CANT. TOTAL | J57: VR. TOTAL
A59: CODIGO | C59: DESCRIPCION | D59: UND | E59: CANT. | F59: DESP.% | G59: PRECIO UNIT | H59: VALOR TOTAL | J59: VALOR TOTAL
A61: G1 | C61: MATERIALES
A62: 101876 | B62: CUBIERTA | C62: TEJA ZINC TRAPEZOIDAL UTIL 6M X 0,8M | D62: UND | E62: =1/4.8 -> 0.20833333 | G62: =76000*1.19 -> 90440 | H62: =+G62*E62 -> 18841.667 | I62: =I58 * (E62 * (1+F62/100)) -> 0 | J62: 0
A63: 100084 | B63: CUBIERTA | C63: TORNILLO ZIN 3/4 | D63: UND | E63: 4 | G63: 200 | H63: =+G63*E63 -> 800 | I63: =I58 * (E63 * (1+F63/100)) -> 0 | J63: 0
A64: STG1 | G64: SUBTOTAL MATERIALES | H64: =SUM(H62:H63) -> 19641.667 | J64: 0
A65: G2 | C65: MANO DE OBRA
A66: 200017 | B66: MANO DE OBRA | C66: M.O. ALBAÑILERIA 1 AYUDANTE 1 - OFI | D66: HC | E66: 0.8 | G66: =+[3]M.O.!$C$13 -> 30063 | H66: =+G66*E66 -> 24050.4 | I66: =I58 * (E66 * (1+F66/100)) -> 0 | J66: 0
A67: STG2 | G67: SUBTOTAL MANO DE OBRA | H67: =+H66 -> 24050.4 | J67: 0
A68: G3 | C68: EQUIPO
A69: 300002 | B69: EQUIPO | C69: ANDAMIO METALICO TUBULAR | D69: U/D | E69: 0.199 | G69: 1162 | H69: =+G69*E69 -> 231.238 | I69: =I58 * (E69 * (1+F69/100)) -> 0 | J69: 0
A70: 300002 | B70: EQUIPO | C70: ESLINGAS, ARNES Y LINEA DE VIDA | D70: GLB | E70: 1 | G70: 400 | H70: =+G70*E70 -> 400 | I70: =I59 * (E70 * (1+F70/100)) -> 0 | J70: 0
A71: STG3 | G71: SUBTOTAL EQUIPO | H71: =SUM(H69:H70) -> 631.238 | J71: 0
A72: G4 | C72: OTROS
A74: STG4 | G74: SUBTOTAL OTROS | H74: 0 | J74: 0
A76: C.D. | F76: COSTO DIRECTO | G76: 24856.23 | H76: =+ROUND(H71+H67+H64,0) -> 44323 | I76: =SUM(J59:J75)/2 -> 0 | J76: 0
A79: ITEM 180816 | C79: =+'PRESUPUESTO CASA DE LA CULTURA'!C21 -> SUMINISTRO E INSTALACION DE CANALES METALICOS GALVANIZADO | H79: Unidad: ML | I79: CANT. TOTAL | J79: VR. TOTAL
A81: CODIGO | C81: DESCRIPCION | D81: UND | E81: CANT. | F81: DESP.% | G81: PRECIO UNIT | H81: VALOR TOTAL | J81: VALOR TOTAL
A83: G1 | C83: MATERIALES
A84: 101876 | B84: CUBIERTA | C84: CANAL GALVANIZADO PINTADO | D84: ML | E84: 1 | G84: 21000 | H84: =+G84*E84 -> 21000 | I84: =I80 * (E84 * (1+F84/100)) -> 0 | J84: 0
A85: 100084 | B85: CUBIERTA | C85: TORNILLO ZIN 3/4 | D85: UND | E85: 2 | G85: 200 | H85: =+G85*E85 -> 400 | I85: =I80 * (E85 * (1+F85/100)) -> 0 | J85: 0
A86: STG1 | G86: SUBTOTAL MATERIALES | H86: =SUM(H84:H85) -> 21400 | J86: 0
A87: G2 | C87: MANO DE OBRA
A88: 200017 | B88: MANO DE OBRA | C88: M.O. ALBAÑILERIA 1 AYUDANTE 1 - OFI | D88: HC | E88: 0.2 | G88: =+[3]M.O.!$C$13 -> 30063 | H88: =+G88*E88 -> 6012.6 | I88: =I80 * (E88 * (1+F88/100)) -> 0 | J88: 0
A89: STG2 | G89: SUBTOTAL MANO DE OBRA | H89: =+H88 -> 6012.6 | J89: 0
A90: G3 | C90: EQUIPO
A91: 300002 | B91: EQUIPO | C91: ANDAMIO METALICO TUBULAR | D91: U/D | E91: 0.1 | G91: 1162 | H91: =+G91*E91 -> 116.2 | I91: =I80 * (E91 * (1+F91/100)) -> 0 | J91: 0
A92: 300002 | B92: EQUIPO | C92: ESLINGAS, ARNES Y LINEA DE VIDA | D92: GLB | E92: 0.5 | G92: 400 | H92: =+G92*E92 -> 200 | I92: =I81 * (E92 * (1+F92/100)) -> 0 | J92: 0
A93: STG3 | G93: SUBTOTAL EQUIPO | H93: =SUM(H91:H92) -> 316.2 | J93: 0
A94: G4 | C94: OTROS
A96: STG4 | G96: SUBTOTAL OTROS | H96: 0 | J96: 0
A98: C.D. | F98: COSTO DIRECTO | G98: 24856.23 | H98: =ROUND(+H93+H89+H86,0) -> 27729 | I98: =SUM(J81:J97)/2 -> 0 | J98: 0
A100: EM_AIU | C100: COSTOS INDIRECTOS
A101: ADM | C101: ADMINISTRACION | F101: =$F$3 -> 0.25 | H101: 0 | J101: 0
A102: IMP | C102: IMPREVISTOS | F102: =$G$3 -> 0.03 | H102: 0 | J102: 0
A103: UTL | C103: UTILIDAD | F103: =$H$3 -> 0 | H103: 0 | J103: 0
A104: IVA | C104: IVA SOBRE LA UTILIDAD | F104: =$I$3 -> 0 | H104: 0 | J104: 0
A105: STAIU | C105: TOTAL COSTOS INDIRECTOS | H105: 0 | J105: 0
A106: TTL | F106: VALOR TOTAL ITEM | G106: 1910 | H106: 1910 | J106: 0
A108: ITEM 100543 | C108: =+'PRESUPUESTO CASA DE LA CULTURA'!C22 -> DESMONTE DE CIELO FALSO PANEL + ESTRUCTURA (INCLUYE ACARREO MENOR A 2KM Y DISPOSICION) | H108: Unidad: M2 | I108: TOTAL ITEM | J108: Unidad:
A110: CODIGO | C110: DESCRIPCION | D110: UND | E110: CANT. | F110: DESP.% | G110: PRECIO UNIT | H110: VALOR TOTAL | J110: VALOR TOTAL
A112: G2 | C112: MANO DE OBRA
A113: 200008 | C113: M.O. ALBAÑILERIA 2 AYUDANTE | D113: HC | E113: 0.15 | G113: =+[3]M.O.!$E$5*2 -> 23126 | H113: =TRUNC(E113* (1 + F113 / 100) * G113,2) -> 3468.9 | I113: =I109 * (E113 * (1+F113/100)) -> 0 | J113: =I109*H113 -> 0
A114: STG2 | G114: SUBTOTAL MANO DE OBRA | H114: =SUM(H112:H113) -> 3468.9 | J114: =SUM(J112:J113) -> 0
A115: G3 | C115: TRANSPORTE
A116: 300026 | B116: EQUIPO | C116: ACARREO DE MATERIAL SOBRANTE < 2KM | D116: M3 | E116: =1*1*0.3 -> 0.3 | G116: =100000/7 -> 14285.714 | H116: =+G116*E116 -> 4285.7143 | I116: =I154 * (E116 * (1+F116/100)) -> 0 | J116: 0
A117: G3 | C117: EQUIPO
A118: 300026 | C118: HERRAMIENTA MENOR | D118: GLB | E118: 1 | G118: =[4]INSUMOS!$G$21874 -> 1690 | H118: =TRUNC(E118* (1 + F118 / 100) * G118,2) -> 1690 | I118: =I109 * (E118 * (1+F118/100)) -> 0 | J118: =I109*H118 -> 0
A119: 300002 | C119: ANDAMIO METALICO TUBULAR | D119: U/D | E119: 0.15 | G119: =[4]INSUMOS!$G$21838 -> 1162 | H119: =TRUNC(E119* (1 + F119 / 100) * G119,2) -> 174.3 | I119: =I109 * (E119 * (1+F119/100)) -> 0 | J119: =I109*H119 -> 0
A120: STG3 | G120: SUBTOTAL EQUIPO | H120: =SUM(H117:H119) -> 1864.3 | J120: =SUM(J117:J119) -> 0
A121: G4 | C121: OTROS
A123: STG4 | G123: SUBTOTAL TRANSPORTE | H123: =SUM(H121:H121) -> 0 | J123: =SUM(J121:J121) -> 0
A125: C.D. | F125: COSTO DIRECTO | G125: =SUM(H110:H124)/2 -> 7476.0571 | H125: =+ROUND(H120+H116+H114,0) -> 9619 | J125: =IF($A$2="CD",IF($A$3=1,ROUND(SUM(J110:J124)/2,0),IF($A$3=3,ROUND(SUM(J110:J124)/2,-1),SUM(J110:J124)/2)),SUM(J110:J124)/2) -> 0
A127: ITEM 180437 | C127: =+'PRESUPUESTO CASA DE LA CULTURA'!C23 -> CIELO FALSO ETERBOARD 244X122x4MM PERFILERIA ALUMINIO | H127: Unidad: M2 | I127: CANT. TOTAL | J127: VR. TOTAL
A129: CODIGO | C129: DESCRIPCION | D129: UND | E129: CANT. | F129: DESP.% | G129: PRECIO UNIT | H129: VALOR TOTAL | J129: VALOR TOTAL
A131: G1 | C131: MATERIALES
A132: 100894 | B132: PINTURAS | C132: ESTUCO PLASTICO PASTA | D132: KLS | E132: 2.05 | G132: 5500 | H132: =+G132*E132 -> 11275 | I132: =I128 * (E132 * (1+F132/100)) -> 0 | J132: 0
A133: 102435 | B133: PINTURAS | C133: VINILO ACRILTEX TIPO 2 | D133: GLN | E133: 0.04 | G133: 60000 | H133: =+G133*E133 -> 2400 | I133: =I128 * (E133 * (1+F133/100)) -> 0 | J133: 0
A134: 105135 | B134: HIERROS | C134: PUNTILLA 1.1/2 AC | D134: LBS | E134: 0.05 | G134: 6500 | H134: =+G134*E134 -> 325 | I134: =I128 * (E134 * (1+F134/100)) -> 0 | J134: 0
...
